 Dungeon Crawl Stone Soup version 0.19.1-1-g22dce08 (webtiles) character file.

394 dngmouse the Gusty (level 6, -10/36 HPs)
             Began as a High Elf Air Elementalist on Jan 20, 2017.
             Mangled by an iguana (12 damage)
             ... on level 4 of the Dungeon.
             The game lasted 00:22:40 (3702 turns).

dngmouse the Gusty (High Elf Air Elementalist)      Turns: 3702, Time: 00:22:41

Health: -10/36     AC:  3    Str:  7    XL:     6   Next: 52%
Magic:  3/13       EV: 13    Int: 22    God:
Gold:   70         SH:  0    Dex: 15    Spells: 5 memorised, 3 levels left

rFire  . . .     SeeInvis .     w - +2 dagger (drain)
rCold  + . .     Gourm    .     a - +0 robe
rNeg   . . .     Faith    .     (no shield)
rPois  .         Spirit   .     (no helmet)
rElec  .         Reflect  .     g - +0 cloak
rCorr  .         Harm     .     (no gloves)
MR     .....                    (no boots)
Stlth  ++........               (no amulet)
                                z - ring of protection from cold
                                d - ring of wizardry

@: repel missiles
A: no striking features
a: no special abilities


You were on level 4 of the Dungeon.
You were not hungry.

You visited 1 branch of the dungeon, and saw 4 of its levels.

You collected 70 gold pieces.

Inventory:

Hand Weapons
 w - a +2 dagger of draining (weapon)
 A - a +2 falchion of holy wrath
Armour
 a - a +0 robe (worn)
 g - a +0 cloak (worn)
Jewellery
 d - a ring of wizardry (left hand)
 z - a ring of protection from cold (right hand)
Wands
 y - a wand of paralysis (22/24)
Scrolls
 e - a scroll of remove curse {unknown}
 f - a scroll of immolation {unknown}
 h - a scroll of random uselessness {unknown}
 j - a scroll of enchant armour {unknown}
 m - a scroll of amnesia {unknown}
 n - 3 scrolls of identify {unknown}
 p - a scroll of magic mapping {unknown}
 q - a scroll of enchant weapon {unknown}
 s - a scroll of fog {unknown}
 B - a scroll of teleportation {unknown}
 E - a scroll of recharging {unknown}
Potions
 i - a potion of brilliance {unknown}
 k - a potion of heal wounds {unknown}
 r - 2 potions of flight {unknown}
 t - 2 potions of degeneration {unknown}
 v - a potion of ambrosia {unknown}
 x - a potion of curing {unknown}
 D - a potion of mutation {unknown}
Books
 b - a book of Air

   Spells                             Type                      Level
   a - Shock                          Conjuration/Air              1
   b - Swiftness                      Charms/Air                   2
   c - Repel Missiles                 Charms/Air                   2
   d - Static Discharge               Conjuration/Air              3
   e - Lightning Bolt                 Conjuration/Air              5
 u - a book of Minor Magic

   Spells                             Type                      Level
   a - Magic Dart                     Conjuration                  1
   b - Blink                          Translocation                2
   c - Call Imp                       Summoning                    2
   d - Repel Missiles                 Charms/Air                   2
   e - Slow                           Hexes                        2
   f - Conjure Flame                  Conjuration/Fire             3
   g - Mephitic Cloud                 Conjuration/Poison/Air       3
Comestibles
 c - 2 bread rations
 l - 4 fruits
 o - 4 meat rations
 C - 2 chunks of flesh


   Skills:
 - Level 2.1 Dodging
 - Level 2.1 Stealth
 * Level 4.3 Spellcasting
 - Level 4.0 Conjurations
 + Level 2.1 Translocations
 + Level 6.0 Air Magic


You had 3 spell levels left.
You knew the following spells:

 Your Spells              Type           Power        Failure   Level  Hunger
a - Shock                 Conj/Air       ####         1%          1    None
b - Blink                 Tloc           N/A          4%          2    #......
c - Mephitic Cloud        Conj/Pois/Air  ###.....     4%          3    ##.....
d - Repel Missiles        Chrm/Air       ###...       2%          2    #......
e - Swiftness             Chrm/Air       ###.....     2%          2    #......


Dungeon Overview and Level Annotations

Branches:
Dungeon (4/15)
 Temple: D:4-7

Altars:
Ashenzari
Cheibriados
Fedhas
Hepliaklqana
Zin

Shops:
D:4 :}

Annotations:
D:2 exclusion: oklob plant


Message History

Casting: Shock
Confirm with . or Enter, or press ? or * to list all spells.
You blink.
The iguana misses you.
Casting: Blink
Confirm with . or Enter, or press ? or * to list all spells.
You blink.
Casting: Blink
Confirm with . or Enter, or press ? or * to list all spells.
You blink.
Casting: Blink
Confirm with . or Enter, or press ? or * to list all spells.
Aiming: Shock
Press: ? - help, Shift-Dir - straight line, f/p - orc
Aim: an orc, wearing a scale mail The zap hits the orc.
You kill the orc!
The zap hits the orc.
You kill the orc!
The iguana bites you!
You die...

#.....#.....#.....# #...
#.....#..∩..#.....# #...
#.....#.....#.....# #...
#.....#...).#.....# #...
#.....#.....#.....# #...
######.....####'##....##########'
#....##'#........#....#..#...#...
........#........#.......#...#...
........#.......@#.......#...#...
........#......l.#.......'...#...
........#........#......##.<.#...
........#.......§#......######...
#####...#.......[#......#........
###+#........#......#........
#........#......#........
#.>......########........
#........................


You could see an iguana.

Vanquished Creatures
  The ghost of dscm the Sneak, an amateur OpAs (D:3)
  2 orc priests (D:4)
  2 orc wizards (D:4)
  2 worker ants (D:4)
  Ijyb (D:3)
  3 adders
  An ooze (D:3)
  A worm (D:3)
  3 dart slugs
  2 leopard geckos (D:3)
  15 orcs
  6 giant cockroaches (D:3)
  9 goblins
  4 hobgoblins
  4 jackals (D:3)
  2 quokkas
  2 ball pythons
  6 bats
  4 frilled lizards
  4 kobolds
  6 rats
80 creatures vanquished.

Notes
Turn   | Place    | Note
-------+----------+-------------------------------------------
     0 | D:1      | dngmouse the High Elf Air Elementalist began the quest for the Orb.
     0 | D:1      | Reached XP level 1. HP: 11/11 MP: 4/4
   416 | D:1      | Reached XP level 2. HP: 14/17 MP: 6/6
   428 | D:1      | Reached skill level 4 in Air Magic
  1115 | D:2      | Found a glowing silver altar of Zin.
  1135 | D:2      | Reached XP level 3. HP: 15/21 MP: 1/7
  1332 | D:2      | Found a snail-covered altar of Cheibriados.
  1375 | D:2      | Found a blossoming altar of Fedhas.
  1395 | D:2      | Noticed an oklob plant
  1812 | D:2      | Learned a level 2 spell: Repel Missiles
  1815 | D:2      | Learned a level 2 spell: Swiftness
  2028 | D:2      | You fall through a shaft!
  2028 | D:3      | Noticed dscm's ghost (amateur OpAs)
  2047 | D:3      | Killed dscm's ghost
  2047 | D:3      | Reached skill level 5 in Air Magic
  2047 | D:3      | Reached XP level 4. HP: 22/27 MP: 1/8
  2137 | D:3      | Learned a level 2 spell: Blink
  2300 | D:3      | Reached XP level 5. HP: 31/31 MP: 6/9
  2424 | D:3      | Noticed Ijyb
  2439 | D:3      | Killed Ijyb
  2575 | D:3      | Found a hazy altar of Hepliaklqana.
  2881 | D:3      | Found a shattered altar of Ashenzari.
  3188 | D:4      | Learned a level 3 spell: Mephitic Cloud
  3264 | D:4      | Found Heseamy's Book Boutique.
  3288 | D:4      | Reached skill level 1 in Translocations
  3375 | D:4      | Reached XP level 6. HP: 17/36 MP: 4/12
  3524 | D:4      | Found Ligyrhaisk's Gadget Shop.
  3576 | D:4      | Reached skill level 6 in Air Magic
  3687 | D:4      | HP: 1/36 [orc/whip (5)]
  3702 | D:4      | Mangled by an iguana

Skill      XL: |  1  2  3  4  5  6 |
---------------+-------------------+-----
Air Magic      | 4 5 6 |  6.0
Conjurations   | 2 3 4 |  4.0
Spellcasting   | 3 4 |  4.3
Translocations | 1 2 |  2.1
Dodging        | |  2.1
Stealth        | |  2.1

Action                   |  1- 3 |  4- 6 || total
-------------------------+-------+-------++-------
Melee: Dagger            |    46 |    85 ||   131
       Unarmed           |    12 |       ||    12
 Cast: Shock             |    51 |    36 ||    87
       Repel Missiles    |     1 |       ||     1
       Mephitic Cloud    |       |     5 ||     5
       Blink             |       |     4 ||     4
 Stab: Sleeping          |     2 |     4 ||     6
  Eat: Chunk             |     4 |     5 ||     9
Armor: Robe              |    14 |    18 ||    32
Dodge: Dodged            |    45 |    55 ||   100
